 Dungeon Crawl Stone Soup version 0.22.1-1-ga44c0e56f4 (webtiles) character file.

205072 Muumios the Warrior (level 18, -2/152 HPs)
             Began as a Mummy Gladiator on Nov 6, 2018.
             Was an Initiate of Gozag.
             Slain by a tyrant leech (20 damage)
             ... called by a spriggan druid
             ... called by a spriggan druid
             ... on level 4 of the Swamp on Nov 10, 2018.
             The game lasted 01:38:53 (46840 turns).

Muumios the Warrior (Mummy Gladiator)              Turns: 46840, Time: 01:38:54

Health: -2/152     AC: 25    Str: 17    XL:     18   Next: 3%
Magic:  31/31      EV: 21    Int: 13    God:    Gozag
Gold:   1327       SH:  0    Dex: 26    Spells: 22/35 levels left

rFire    x . .     SeeInvis .   y - +8 whip "Snakebite" {curare, rPois}
rCold    + + +     Gourm    +   (no shield)
rNeg     + + +     Faith    .   g - +3 ring mail of Distant Shores {rF+ MR+ Stlth+}
rPois    ∞         Spirit   .   a - +2 helmet {Int+3}
rElec    .         Reflect  .   F - +2 cloak {+Inv}
rCorr    .         Harm     .   E - +2 pair of gloves {Dex+3}
MR       +++..                  z - +3 pair of boots of the Monk {rF+}
Stlth    ++........             m - amulet of the Equinox {Gourm rF- Dex+4 Slay+6}
HPRegen  0.35/turn              q - ring of ice
MPRegen  0.22/turn              l - ring of protection from cold

@: gold aura
A: no food or potions, fire vulnerability, cold resistance 1, negative energy
resistance 3, torment resistance, unbreathing, in touch with death 1
}: 1/15 runes: gossamer
a: Potion Petition, Call Merchant, Bribe Branch, Renounce Religion, Evoke
Invisibility


You were on level 4 of the Swamp.
You worshipped Gozag.
Gozag was most pleased with you.
You were not hungry.

You visited 7 branches of the dungeon, and saw 34 of its levels.
You visited the Abyss 1 time.
You also visited: Ossuary and Volcano.

You collected 11870 gold pieces.
You spent 4697 gold pieces at shops.
You paid 5846 gold pieces to Gozag.

Inventory:

Hand Weapons
 y - the +8 whip "Snakebite" (weapon) {curare, rPois}
   (You found it on level 1 of the Lair of Beasts)

   It poisons the flesh of those it strikes.
   It protects you from poison.
 A - a +3 blowgun
 J - the +11 plutonium sword {*Contam Stlth-}
   (You took it off a centaur on level 15 of the Dungeon)

   It causes magical contamination when unequipped.
   It makes you less stealthy.
Missiles
 s - 71 poisoned needles
 t - 10 needles of sleeping
 v - 9 curare-tipped needles
Armour
 a - a +2 helmet of intelligence (worn)
 b - the +6 scale mail of the Inquisitive Stars {*Corrode rC+ Int+6}
   (You bought it in a shop on level 2 of the Orcish Mines)

   It affects your intelligence (+6).
   It protects you from cold.
   It may corrode you when you take damage.
 g - the +3 ring mail of Distant Shores (worn) {rF+ MR+ Stlth+}
   (You found it on level 6 of the Lair of Beasts)

   It protects you from fire.
   It affects your resistance to hostile enchantments.
   It makes you more stealthy.
 z - the +3 pair of boots of the Monk (worn) {rF+}
   (You bought it in a shop on level 11 of the Dungeon)

   It protects you from fire.
 C - a scarf of spirit shield
 E - a +2 pair of gloves of dexterity (worn)
 F - a +2 cloak of invisibility (worn)
 H - a +2 shield
Jewellery
 c - the ring "Seitueg" {rElec rF+ rN+}
   (You bought it in a shop on level 9 of the Dungeon)

   [ring of positive energy]

   It protects you from fire.
   It insulates you from electricity.
   It protects you from negative energy.
 d - an uncursed ring of fire
 e - an uncursed ring of resist corrosion
 i - the amulet of Xeoniul {Acrobat Str+3}
   (You found it on level 6 of the Lair of Beasts)

   [amulet of the acrobat]

   It helps you evade while moving and waiting.
   It affects your strength (+3).
 l - a ring of protection from cold (right hand)
 m - the amulet of the Equinox (around neck) {Gourm rF- Dex+4 Slay+6}
   (You found it on level 2 of the Spider Nest)

   [amulet of the gourmand]

   It allows you to eat raw meat even when not hungry.
   It affects your dexterity (+4).
   It affects your accuracy and damage with ranged weapons and melee attacks
   (+6).
   It makes you vulnerable to fire.
 o - a +4 amulet of reflection
 q - a ring of ice (left hand)
 G - the ring "Ifira" {rElec SInv Stlth+}
   (You took it off a deep elf knight on level 1 of the Elven Halls)

   [ring of see invisible]

   It insulates you from electricity.
   It lets you see invisible.
   It makes you more stealthy.
Wands
 j - a wand of disintegration (25)
 p - a wand of paralysis (17)
 u - a wand of acid (26)
 w - a wand of enslavement (17)
 B - a wand of random effects (113)
 D - a wand of polymorph (38)
Scrolls
 f - 12 scrolls of identify
 h - 2 scrolls of teleportation
 k - 9 scrolls of amnesia
 n - 14 scrolls of remove curse
 r - a scroll of fear
 x - 4 scrolls of fog


   Skills:
 * Level 16.3 Fighting
 - Level 12.0 Maces & Flails
 - Level 1.5 Throwing
 - Level 10.9 Armour
 - Level 10.5 Dodging
 - Level 9.0 Spellcasting
 - Level 9.8 Hexes
 - Level 6.8 Translocations
 * Level 4.0 Ice Magic
 - Level 5.5 Air Magic
 - Level 5.1 Poison Magic
 * Level 4.0 Evocations


You had 22 spell levels left.
You knew the following spells:

 Your Spells              Type           Power        Failure   Level  Hunger
a - Blink                 Tloc           N/A          1%          2    N/A
b - Confuse               Hex            ####....     1%          3    N/A
c - Poisonous Vapours     Pois/Air       ###...       3%          2    N/A
d - Mephitic Cloud        Conj/Pois/Air  ###.....     14%         3    N/A
e - Ozocubu's Armour      Chrm/Ice       ###.....     26%         3    N/A

Your spell library contained the following spells:

 Spells                   Type           Power        Failure   Level  Hunger
 Apportation              Tloc           ###...       1%          1    N/A
 Confusing Touch          Hex            ####..       1%          1    N/A
 Slow                     Hex            ####....     1%          2    N/A
 Freeze                   Ice            ###.         3%          1    N/A
 Gell's Gravitas          Tloc           ###.......   3%          3    N/A
 Cause Fear               Hex            ####......   3%          4    N/A
 Shock                    Conj/Air       ##..         6%          1    N/A
 Swiftness                Chrm/Air       ##......     10%         2    N/A
 Throw Frost              Conj/Ice       ###...       13%         2    N/A
 Static Discharge         Conj/Air       ##......     19%         3    N/A
 Animate Skeleton         Necr           N/A          21%         1    N/A
 Flame Tongue             Conj/Fire      #....        21%         1    N/A
 Magic Dart               Conj           #...         21%         1    N/A
 Summon Small Mammal      Summ           #...         21%         1    N/A
 Airstrike                Air            ###.......   21%         4    N/A
 Call Imp                 Summ           #.......     30%         2    N/A
 Metabolic Englaciation   Hex/Ice        #####.....   32%         5    N/A
 Conjure Flame            Conj/Fire      #.......     52%         3    N/A
 Yara's Violent Unravell  Hex/Tmut       ###.......   58%         5    N/A
 Summon Ice Beast         Ice/Summ       ###.....     65%         4    N/A
 Throw Icicle             Conj/Ice       ###.....     65%         4    N/A
 Lightning Bolt           Conj/Air       ##........   87%         5    N/A
 Petrify                  Tmut/Erth      #.......     89%         4    N/A
 Bolt of Fire             Conj/Fire      #.........   100%        6    N/A
 Freezing Cloud           Conj/Ice/Air   ###.......   100%        6    N/A
 Ring of Flames           Chrm/Fire      #.........   100%        7    N/A
 Spellforged Servitor     Conj/Summ      #.........   100%        7    N/A
 Dragon's Call            Summ           #.........   100%        9    N/A
 Dragon Form              Tmut           Unusable     N/A         7    N/A

Dungeon Overview and Level Annotations

Branches:
Dungeon (15/15)            Temple (1/1) D:4            Lair (6/6) D:11
  Swamp (4/4) Lair:3       Spider (4/4) Lair:4        Slime (0/5) Lair:6
    Orc (2/2) D:9             Elf (2/3) Orc:2        Vaults (0/5) D:13
 Depths (0/5) D:15

Altars:
Ashenzari
Cheibriados
Dithmenos
Elyvilon
Fedhas
Gozag
Hepliaklqana
Kikubaaqudgha
Makhleb
Nemelex Xobeh
Okawaru
Qazlal
Ru
Sif Muna
Trog
Uskayaw
Vehumet
Wu Jian
Xom
Yredelemnul
Zin
The Shining One

Shops:
D:5 (   D:9 =([   D:11 [   Orc:2 =*[=   Elf:1 }   Spider:2 [

Annotations:
Lair:5 1 runed door, topfpfpflanze's ghost, journeyman GnTm
Orc:2 2 transporters, MDKed's ghost, journeyman HOFi
Elf:2 exclusion: Roxanne, Roxanne


Innate Abilities, Weirdness & Mutations

You do not eat or drink.
Your flesh is vulnerable to fire.
You are immune to poison.
Your flesh is cold resistant. (rC+)
You are immune to negative energy. (rN+++)
You are immune to unholy pain and torment.
You can survive without breathing.
You are in touch with the powers of death.


Message History

Unknown command.
You are too injured to fight recklessly!
You are too injured to fight recklessly!
Unknown command.
You are too injured to fight recklessly!
You are too injured to fight recklessly!
You hit the alligator.
The alligator looks as sick as possible!
The alligator is heavily wounded.
Unknown command.
You whack the alligator!
The alligator looks as sick as possible!
The alligator is severely wounded.
The swamp worm bites you. The alligator bites you!!
* * * LOW HITPOINT WARNING * * *
The alligator tail-slaps you!
* * * LOW HITPOINT WARNING * * *
The tyrant leech bites you!!
You die...
Your body crumbles into a pile of gold.

≈♣♣
♣♣≈≈≈≈≈≈≈≈≈≈≈≈.♣♣.§.≈≈≈≈≈♣
♣♣
♣♣≈≈≈≈%≈≈≈≈≈≈.♣♣♣♣♣♣≈≈≈.♣ ♣
♣♣§.≈≈.≈≈≈≈..≈♣ ♣♣♣♣..♣♣
≈♣♣≈.≈≈≈≈≈≈≈≈≈♣♣≈♣≈♣♣♣♣♣
≈♣.≈≈≈..≈≈≈≈≈..≈♣♣.≈?.♣
≈♣.≈≈≈≈≈≈≈≈≈≈≈♣♣♣♣♣≈.$.≈≈≈♣
...≈≈≈≈≈≈≈≈≈≈.≈≈♣ ♣i≈..≈≈.♣
≈≈≈≈≈≈≈≈≈≈.≈≈w♣♣≈..≈≈..≈≈≈♣
≈≈≈≈≈§≈≈≈≈.w@♣♣♣.≈≈≈w≈≈...♣
≈.≈≈≈≈≈≈≈.≈t...≈≈≈≈≈≈≈.♣♣♣
≈≈≈ ♣♣≈≈≈≈..≈≈≈≈≈≈≈≈§..≈.♣
≈≈. ♣♣≈....≈≈≈≈≈≈≈..≈≈≈≈.
≈≈≈ ♣♣♣♣§≈≈≈≈≈≈≈.♣≈ ≈.D
...≈≈≈≈≈≈.≈. .♣
.§≈.≈≈.≈.≈≈.≈ ♣
♣≈≈≈≈≈...≈.≈.≈ ♣
♣≈..≈≈≈...≈♣.


You could see an alligator, a tyrant leech and a swamp worm.

Vanquished Creatures
  A tentacled monstrosity (Swamp:4)
  A thorn hunter (Swamp:3)
  Gastronok (D:12)
  5 ghost moths
  Louise (Swamp:4)
  4 emperor scorpions
  3 entropy weavers
  2 spark wasps
  A deep elf demonologist (Elf:1)
  2 deep elf annihilators (Elf:1)
  2 vault guards (D:13)
  Fannar (Orc:1)
  2 ice dragons
  A ghost crab (Swamp:2)
  12 hydras
  Harold (D:11)
  5 catoblepae
  2 centaur warriors
  An ogre mage (D:15)
  7 two-headed ogres
  Erica (D:8)
  A death knight (D:14)
  A deep troll shaman (Lair:6)
  2 tengu warriors (D:14)
  27 death yaks
  5 orc high priests (Orc:2)
  8 alligators
  Sonja (Lair:3)
  4 deep elf knights
  2 unseen horrors
  A spriggan druid (Swamp:4)
  4 deep elf archers (Elf:1)
  2 swamp dragons
  A lindwurm (Lair:6)
  A shambling mangrove (Swamp:1)
  21 orb spiders
  A harpy (D:15)
  2 phantasmal warriors
  8 orc knights
  4 oklob plants (Lair:6)
  16 wolf spiders
  36 deep elf magi
  An orc sorcerer (D:15)
  2 cyclopes
  9 ugly things
  6 elephants (Lair:6)
  4 black mambas
  2 torpor snails (Spider:1)
  A gargoyle (D:12)
  3 naga magi
  14 spiny frogs
  A kobold demonologist (D:14)
  7 freezing wraiths
  2 rime drakes
  9 demonic crawlers
  10 komodo dragons
  3 trolls
  A merfolk (D:14)
  22 jumping spiders
  6 polar bears
  5 bog bodies
  14 hornets
  14 blink frogs
  9 tyrant leeches
  3 slime creatures (D:15)
  A hippogriff (shapeshifter) (Elf:1)
  4 dream sheep (Lair:6)
  9 hippogriffs
  3 water elementals
  Sigmund (D:5)
  60 redbacks
  3 air elementals (Elf:1)
  3 spriggans
  3 shadows
  24 tarantellas
  12 yaks
  3 wraiths
  3 basilisks
  3 wyverns
  12 vampire mosquitoes
  A swamp worm simulacrum (Swamp:4)
  3 hungry ghosts
  A steam dragon (Lair:6)
  Menkaure (D:6)
  7 insubstantial wisps (Swamp:3)
  15 swamp worms
  3 soldier ants
  9 water moccasins
  An acid dragon (Lair:6)
  4 wargs
  4 hydra simulacra (Swamp:4)
  4 porcupines
  46 orc warriors
  A hornet zombie (D:9)
  7 sky beasts
  8 swamp drakes
  4 ice beasts
  2 black bears
  2 necrophages
  27 wolves
  2 phantoms
  23 ogres
  3 boggarts
  4 centaurs
  8 crocodiles
  3 big kobolds
  15 bullfrogs
  3 wyvern zombies
  A water moccasin zombie (D:10)
  12 scorpions
  11 killer bees
  4 wights
  A bullfrog zombie (D:12)
  4 howler monkeys
  7 centaur zombies
  10 crimson imps
  34 orc priests
  18 orc wizards
  11 hounds
  5 jellies
  A bullfrog skeleton (D:11)
  A human zombie (Ossuary)
  6 centaur skeletons
  3 worker ants
  Jessica (D:2)
  2 iguanas
  2 killer bee zombies
  2 big kobold zombies (Ossuary)
  A hound zombie (D:7)
  2 hound skeletons
  3 mummies (Ossuary)
  2 scorpion zombies (Ossuary)
  6 gnolls
  15 adders
  6 shadow imps
  6 oozes
  5 swamp drake simulacra (Swamp:4)
  An adder zombie (D:7)
  2 adder skeletons
  5 worms
  3 dart slugs
  7 leopard geckos
  96 orcs
  5 giant cockroaches
  3 gnoll zombies (Ossuary)
  8 hobgoblins
  7 jackals (D:6)
  A quokka (D:6)
  3 ball pythons
  7 bats
  5 frilled lizards
  8 goblins
  A goblin zombie (Ossuary)
  A hobgoblin zombie (Ossuary)
  21 kobolds
  4 kobold zombies (Ossuary)
  2 orc zombies (Ossuary)
  A quokka skeleton (D:8)
  A quokka zombie (D:7)
  12 rats
1093 creatures vanquished.

Vanquished Creatures (collateral kills)
  A vault guard (D:13)
  A water moccasin (Lair:5)
2 creatures vanquished.

Vanquished Creatures (others)
  A vault guard (D:13)
  4 dancing weapons (Elf:1)
  A jumping spider (Spider:2)
  A blink frog (Lair:6)
  A tarantella (Spider:2)
  An orc zombie (Ossuary)
  A bush (Lair:6)
  18 fungi
  15 plants
43 creatures vanquished.

Grand Total: 1138 creatures vanquished

Notes
Turn   | Place    | Note
-------+----------+-------------------------------------------
     0 | D:1      | Muumios the Mummy Gladiator began the quest for the Orb.
     0 | D:1      | Reached XP level 1. HP: 16/16 MP: 1/1
   131 | D:1      | Reached XP level 2. HP: 12/23 MP: 2/2
   144 | D:1      | HP: 1/23 [kobold (4)]
   570 | D:1      | Reached skill level 3 in Fighting
   633 | D:1      | Reached XP level 3. HP: 24/29 MP: 3/3
  1471 | D:2      | Noticed Jessica
  1476 | D:2      | Killed Jessica
  1476 | D:2      | Reached XP level 4. HP: 36/36 MP: 4/4
  2143 | D:3      | Reached XP level 5. HP: 35/42 MP: 5/5
  2148 | D:3      | Reached skill level 4 in Fighting
  2288 | D:4      | Found a staircase to the Ecumenical Temple.
  2339 | Temple   | Entered the Ecumenical Temple
  2391 | Temple   | Became a worshipper of Gozag Ym Sagoz the Greedy
  2411 | D:4      | Noticed an ogre
  2433 | D:4      | Killed an ogre
  2445 | D:4      | Reached XP level 6. HP: 19/49 MP: 6/6
  3006 | D:4      | Noticed a moth of wrath
  3008 | D:4      | Found a bloodstained altar of Trog.
  3244 | D:4      | Found a sparkling altar of Nemelex Xobeh.
  3415 | D:5      | Entered Level 5 of the Dungeon
  3462 | D:5      | Found Pukuemin's Antique Weapon Boutique.
  3492 | D:5      | Reached skill level 5 in Maces & Flails
  3579 | D:5      | Reached XP level 7. HP: 49/55 MP: 7/7
  3898 | D:5      | Found a burning altar of Makhleb.
  4099 | D:5      | Noticed Sigmund
  4102 | D:5      | Killed Sigmund
  4364 | D:6      | Found a snail-covered altar of Cheibriados.
  4369 | D:6      | Reached XP level 8. HP: 59/61 MP: 8/8
  4370 | D:6      | Found an iron altar of Okawaru.
  4398 | D:6      | Noticed Menkaure
  4412 | D:6      | Killed Menkaure
  4412 | D:6      | Reached skill level 5 in Dodging
  4577 | D:6      | Reached skill level 1 in Armour
  5410 | D:7      | Found a sand-covered staircase.
  5429 | D:7      | Noticed a hippogriff
  5434 | Ossuary  | Entered an ossuary
  5689 | Ossuary  | Reached XP level 9. HP: 43/66 MP: 9/9
  6464 | D:7      | Reached skill level 5 in Armour
  6805 | D:7      | Found a hazy altar of Hepliaklqana.
  6806 | D:7      | Found a basalt altar of Yredelemnul.
  6806 | D:7      | Found a blossoming altar of Fedhas.
  6807 | D:7      | Found a glowing silver altar of Zin.
  7688 | D:8      | Reached XP level 10. HP: 58/73 MP: 10/10
  7697 | D:8      | Found a shimmering altar of Xom.
  7747 | D:8      | Noticed Erica
  7786 | D:8      | Killed Erica
  8649 | D:9      | Reached skill level 10 in Maces & Flails
  9050 | D:9      | Found a staircase to the Orcish Mines.
  9506 | D:10     | Entered Level 10 of the Dungeon
  9821 | D:10     | Killed an unseen horror
  9948 | D:10     | Reached XP level 11. HP: 59/78 MP: 11/11
 10268 | D:10     | Noticed a purple ugly thing
 10283 | D:10     | Killed a purple ugly thing
 10479 | D:10     | Noticed a two-headed ogre
 10562 | Orc:1    | Entered Level 1 of the Orcish Mines
 10734 | Orc:2    | Entered Level 2 of the Orcish Mines
 11127 | D:11     | Noticed a two-headed ogre
 11484 | D:11     | Found a staircase to the Lair.
 11484 | D:11     | Noticed a death yak
 12005 | D:12     | Reached skill level 5 in Fighting
 12205 | D:12     | Noticed a deep elf mage
 12220 | D:11     | Noticed Harold
 12392 | D:9      | Killed a two-headed ogre
 12741 | D:11     | Reached skill level 6 in Fighting
 13005 | D:11     | Killed Harold
 13068 | Lair:1   | Entered Level 1 of the Lair of Beasts
 13268 | Lair:1   | Reached skill level 7 in Fighting
 13354 | Lair:1   | Found a dark tunnel.
 13360 | Volcano  | Entered a volcano
 14079 | Lair:1   | Found the +8 whip "Snakebite" {curare, rPois}
 14627 | Lair:2   | Reached XP level 12. HP: 92/92 MP: 12/12
 14811 | Lair:2   | Noticed a six-headed hydra
 14828 | Lair:2   | Killed a six-headed hydra
 15306 | Lair:3   | Reached skill level 8 in Fighting
 15657 | Lair:3   | Noticed Sonja
 15661 | Lair:3   | Found a staircase to the Swamp.
 15664 | Lair:3   | Cast into level 1 of the Abyss (Sonja)
 15669 | Lair:3   | Escaped the Abyss
 15677 | Lair:3   | Killed Sonja
 15901 | Lair:3   | Noticed a catoblepas
 15915 | Lair:3   | Killed a catoblepas
 16487 | Lair:4   | Found a hole to the Spider Nest.
 16664 | Lair:4   | Reached skill level 9 in Fighting
 16718 | Lair:4   | Learned a level 2 spell: Blink
 16722 | Lair:4   | Learned a level 3 spell: Confuse
 17163 | Lair:5   | Found a runed door.
 17163 | Lair:5   | Noticed topfpfpflanze's ghost (journeyman GnTm)
 17163 | Lair:5   | Noticed a death yak
 17163 | Lair:5   | Noticed a death yak
 17163 | Lair:5   | Noticed a death yak
 17164 | Lair:5   | Noticed a death yak
 17304 | Lair:5   | Noticed a five-headed hydra
 17321 | Lair:6   | Entered Level 6 of the Lair of Beasts
 17321 | Lair:6   | Found an ancient bone altar of Kikubaaqudgha.
 17321 | Lair:6   | Noticed a death yak
 17328 | Lair:6   | Killed a five-headed hydra
 17363 | Lair:6   | Noticed a death yak
 17364 | Lair:6   | Noticed a death yak
 17556 | Lair:5   | Noticed a death yak
 17556 | Lair:5   | Noticed a death yak
 17578 | Lair:5   | Noticed a death yak
 17715 | D:10     | Killed a death yak
 17864 | D:11     | Killed a two-headed ogre
 17909 | D:11     | Got an encrusted buckler
 17910 | D:11     | Identified the -4 buckler of Amaaxe {rPois rF+ rN+} (You
                  | found it on level 11 of the Dungeon)
 18549 | Orc:2    | Noticed MDKed's ghost (journeyman HOFi)
 18561 | Orc:2    | Found a transporter.
 18564 | Orc:2    | Found a transporter.
 18793 | Orc:2    | Found a staircase to the Elven Halls.
 19170 | Orc:2    | Gained mutation: You are in touch with the powers of death.
                  | [Mummy growth]
 19170 | Orc:2    | Reached XP level 13. HP: 69/103 MP: 13/13
 19489 | Orc:1    | Reached skill level 10 in Fighting
 19569 | Orc:1    | Noticed Fannar
 19658 | Orc:1    | Killed Fannar
 20806 | Orc:2    | Reached skill level 10 in Dodging
 21084 | Orc:2    | Found Atzufogh's Jewellery Boutique.
 21084 | Orc:2    | Found Ehemnast's Jewellery Boutique.
 21085 | Orc:2    | Found Heroqut's Antique Armour Shop.
 21085 | Orc:2    | Found Welaisul's Assorted Antiques.
 21093 | Orc:2    | Bought a transparent scale mail for 243 gold pieces
 21095 | Orc:2    | Bought a scroll of enchant armour for 150 gold pieces
 21095 | Orc:2    | Bought a scroll of fear for 70 gold pieces
 21095 | Orc:2    | Bought a scroll of fear for 70 gold pieces
 21097 | Orc:2    | Bought a twisted gold wand for 80 gold pieces
 21099 | Orc:2    | Bought a pair of embroidered gloves for 202 gold pieces
 21099 | Orc:2    | Bought a glowing cloak for 202 gold pieces
 21109 | Orc:2    | Identified the +6 scale mail of the Inquisitive Stars
                  | {*Corrode rC+ Int+6} (You bought it in a shop on level 2 of
                  | the Orcish Mines)
 21133 | Orc:2    | Bought an uncursed ring of resist corrosion for 200 gold
                  | pieces
 21381 | D:9      | Bought an ancient plate armour for 700 gold pieces
 21381 | D:9      | Bought a heavily runed scale mail for 225 gold pieces
 21391 | D:9      | Identified the +2 plate armour of Thoughtfulness {+Fly rC-
                  | MR+ SInv} (You bought it in a shop on level 9 of the
                  | Dungeon)
 21401 | D:9      | Identified the +2 scale mail of Niamatte {*Drain Regen+
                  | Int-2 Dex+8} (You bought it in a shop on level 9 of the
                  | Dungeon)
 21553 | Lair:5   | Reached skill level 1 in Spellcasting
 21583 | Lair:5   | Reached skill level 11 in Fighting
 21958 | Lair:5   | Reached skill level 5 in Spellcasting
 22063 | Lair:5   | Reached XP level 14. HP: 51/113 MP: 24/24
 23094 | Lair:6   | Reached skill level 12 in Fighting
 23121 | Lair:6   | Reached skill level 1 in Hexes
 23279 | Lair:6   | Got a spiked ring mail
 23310 | Lair:6   | Identified the +3 ring mail of Distant Shores {rF+ MR+
                  | Stlth+} (You found it on level 6 of the Lair of Beasts)
 23790 | Lair:6   | Reached skill level 5 in Hexes
 23873 | Lair:6   | Got a faintly glowing robe
 23874 | Lair:6   | Identified the +1 robe of a bailey {Str+3} (You found it on
                  | level 6 of the Lair of Beasts)
 24052 | Lair:6   | Found a staircase to the Slime Pits.
 24397 | Lair:6   | Got a wavering diamond amulet
 24922 | D:11     | Bought a pair of distressingly furry boots for 323 gold
                  | pieces
 24932 | D:11     | Identified the +3 pair of boots of the Monk {rF+} (You
                  | bought it in a shop on level 11 of the Dungeon)
 24933 | D:11     | Identified the amulet of Xeoniul {Acrobat Str+3} (You found
                  | it on level 6 of the Lair of Beasts)
 25211 | D:12     | Noticed Gastronok
 25231 | D:12     | Killed Gastronok
 25231 | D:12     | Reached skill level 13 in Fighting
 25656 | D:13     | Found a gate to the Vaults.
 25662 | D:13     | Reached XP level 15. HP: 88/123 MP: 25/28
 27046 | D:15     | Entered Level 15 of the Dungeon
 28121 | D:11     | Bought a warped ring mail for 306 gold pieces
 28121 | D:11     | Bought an encrusted scale mail for 306 gold pieces
 28122 | D:11     | Identified the cursed +1 ring mail of Fashionability {-Tele
                  | rN+ Dex+2} (You bought it in a shop on level 11 of the
                  | Dungeon)
 28123 | D:11     | Identified the cursed +0 scale mail "Ytetoa Nidai" {-Tele
                  | rElec rF- Str+8} (You bought it in a shop on level 11 of
                  | the Dungeon)
 28127 | D:11     | Bought a glowing helmet for 255 gold pieces
 28144 | Lair:1   | Learned a level 2 spell: Poisonous Vapours
 28197 | Swamp:1  | Entered Level 1 of the Swamp
 28262 | Spider:1 | Entered Level 1 of the Spider Nest
 29439 | Spider:1 | Reached skill level 1 in Poison Magic
 30236 | Spider:1 | Reached skill level 14 in Fighting
 32261 | Spider:2 | Learned a level 3 spell: Mephitic Cloud
 32299 | Spider:2 | Reached skill level 5 in Poison Magic
 32393 | Spider:2 | Got a translucent zirconium amulet
 32405 | Spider:2 | Identified the amulet of the Equinox {Gourm rF- Dex+4
                  | Slay+6} (You found it on level 2 of the Spider Nest)
 32701 | Spider:2 | Reached skill level 1 in Air Magic
 32849 | D:9      | Bought the ring "Seitueg" {rElec rF+ rN+} for 615 gold
                  | pieces
 32967 | Elf:1    | Entered Level 1 of the Elven Halls
 32994 | Elf:1    | Reached XP level 16. HP: 109/134 MP: 20/29
 33306 | Elf:1    | Identified Mnoleg's Reference Book on the Escort
 33508 | Elf:1    | Got a transparent wooden ring
 33513 | Elf:1    | Found Wyber's Gadget Emporium.
 33768 | Elf:1    | Identified the ring "Ifira" {rElec SInv Stlth+} (You took
                  | it off a deep elf knight on level 1 of the Elven Halls)
 33968 | Elf:1    | Reached skill level 5 in Air Magic
 34454 | Elf:2    | Noticed Roxanne
 34539 | Elf:1    | Reached skill level 1 in Translocations
 34547 | Elf:1    | Reached skill level 15 in Fighting
 35476 | D:14     | Found a sacrificial altar of Ru.
 37140 | D:15     | Found a staircase to the Depths.
 37796 | Spider:2 | Bought an ichor-stained scale mail for 270 gold pieces
 37796 | Spider:2 | Bought a fine leather armour for 210 gold pieces
 37796 | Spider:2 | Bought a distressingly furry scale mail for 270 gold pieces
 37796 | Spider:2 | Identified the +4 scale mail of Wariness {Str+3 Int-5 SInv
                  | Stlth+} (You bought it in a shop on level 2 of the Spider
                  | Nest)
 37797 | Spider:2 | Identified the +1 leather armour of the Carpenter {Str+4}
                  | (You bought it in a shop on level 2 of the Spider Nest)
 37798 | Spider:2 | Identified the +4 scale mail "Sidett" {rC- MR++ Regen+
                  | Str-4} (You bought it in a shop on level 2 of the Spider
                  | Nest)
 37908 | Spider:3 | Reached skill level 10 in Armour
 37908 | Spider:3 | Reached XP level 17. HP: 63/142 MP: 0/30
 38275 | Spider:2 | Reached skill level 5 in Translocations
 39133 | Spider:4 | Entered Level 4 of the Spider Nest
 40967 | Spider:4 | HP: 4/143 [hornet (12)]
 41545 | Spider:4 | Got a gossamer rune of Zot
 42251 | Swamp:1  | Learned a level 3 spell: Ozocubu's Armour
 42612 | Swamp:1  | Reached skill level 1 in Evocations
 42839 | Swamp:2  | Reached skill level 1 in Ice Magic
 44081 | Swamp:3  | Reached skill level 16 in Fighting
 44979 | Swamp:4  | Entered Level 4 of the Swamp
 44979 | Swamp:4  | Noticed Louise
 44997 | Swamp:4  | Killed Louise
 45142 | Swamp:4  | Noticed a tentacled monstrosity
 45817 | Swamp:4  | Killed a tentacled monstrosity
 46339 | Swamp:4  | Reached XP level 18. HP: 31/151 MP: 31/31
 46840 | Swamp:4  | Slain by a tyrant leech

Skill      XL: |  1  2  3  4  5  6  7  8  9 10 11 12 13 14 15 16 17 18 |
---------------+-------------------------------------------------------+-----
Fighting       | 3 4 7 9 11 13 14 15 16 | 16.3
Maces & Flails | 3 4 5 6 7 9 10 11 12 | 12.0
Dodging        | 3 4 5 8 10 | 10.5
Armour         | 3 6 8 10 | 10.9
Spellcasting   | 7 9 |  9.0
Hexes          | 7 9 |  9.8
Poison Magic   | 5 |  5.1
Air Magic      | 1 5 |  5.5
Translocations | 4 6 |  6.8
Evocations     | 3 4 |  4.0
Ice Magic      | 3 4 |  4.0
Throwing       | |  1.5

Action                   |  1- 3 |  4- 6 |  7- 9 | 10-12 | 13-15 | 16-18 || total
-------------------------+-------+-------+-------+-------+-------+-------++-------
Melee: Whip              |   145 |   206 |   269 |   453 |  1972 |  1704 ||  4749
       Flail             |    10 |       |       |       |       |       ||    10
       Morningstar       |       |       |   338 |   649 |       |       ||   987
Throw: Throwing net      |     3 |     4 |     1 |     9 |       |     1 ||    18
 Cast: Poisonous Vapours |       |       |       |       |    14 |     4 ||    18
       Confuse           |       |       |       |       |    13 |    10 ||    23
       Mephitic Cloud    |       |       |       |       |     1 |     9 ||    10
       Blink             |       |       |       |       |       |     3 ||     3
Invok: Call Merchant     |       |       |       |     2 |     2 |     1 ||     5
       Potion Petition   |       |       |       |     2 |     1 |     3 ||     6
 Abil: Evoke Invisibilit |       |       |       |       |     5 |     1 ||     6
Evoke: Wand              |       |     2 |    14 |    40 |    26 |    11 ||    93
  Use: Scroll            |     1 |     8 |     7 |    15 |    21 |    24 ||    76
 Stab: Sleeping          |     1 |     3 |     4 |     4 |     2 |    10 ||    24
       Distracted        |       |     1 |     3 |     6 |     8 |    14 ||    32
       Held in net/web   |       |     3 |     1 |    10 |       |     1 ||    15
       Paralysed         |       |       |     6 |    26 |    14 |       ||    46
       Invisible         |       |       |       |       |    16 |       ||    16
       Petrifying        |       |       |       |       |     1 |       ||     1
       Confused          |       |       |       |       |     2 |     9 ||    11
Armor: Leather armour    |    37 |    45 |   202 |   373 |    24 |       ||   681
       Scale mail        |       |       |       |       |    82 |       ||    82
       Ring mail         |       |       |       |       |   395 |   562 ||   957
Dodge: Dodged            |    71 |    89 |   454 |   727 |  1356 |  1194 ||  3891
